 Dungeon Crawl Stone Soup version 0.32-a0-871-ge202e49faa (webtiles) character file.

Game seed: 18266423254445151439

127 KennySheep the Apothecary (level 5, -2/37 HPs)
             Began as a Gnoll Alchemist on Mar 30, 2024.
             Was a Believer of Elyvilon.
             Slain by a gnoll
             ... wielding a +0 spear
              (7 damage)
             ... on level 4 of the Dungeon.
             The game lasted 00:15:10 (3276 turns).

KennySheep the Apothecary (Gnoll Alchemist)         Turns: 3276, Time: 00:15:11

Health: -2/37      AC:  2    Str:  7    XL:     5   Next: 11%
Magic:  4/12       EV: 13    Int: 14    God:    Elyvilon [**....]
Gold:   215        SH:  0    Dex: 15    Spells: 6/14 levels left

rFire   . .          .
                       - Unarmed
rCold   . . .        (no shield)
rNeg    . . .        a - +0 robe
rPois   .            (no helmet)
rElec   .            (no cloak)
rCorr   .            (no gloves)
SInv    .            (no boots)
Will    .....        (no amulet)
Stlth   +++          (no ring)
HPRegen 0.26/turn    (no ring)
MPRegen 0.13/turn

%: no passive effects
@: no status effects
A: fangs 1, strong nose, distributed training
a: Renounce Religion, Purification, Heal Other


You were on level 4 of the Dungeon.
You worshipped Elyvilon.
Elyvilon was pleased with you.
You visited 1 branch of the dungeon, and saw 5 of its levels.

You collected 215 gold pieces.

Inventory:

Armour
 a - a +0 robe (worn)
Jewellery
 m - a ring of fire
Scrolls
 c - 2 scrolls of teleportation
 d - a scroll of torment {unknown}
 f - 2 scrolls of identify
 h - a scroll of immolation {unknown}
 j - a scroll of fog
 k - 2 scrolls of noise {unknown}
 n - a scroll of enchant armour
 p - a scroll of acquirement {unknown}
Potions
 b - a potion of magic
 e - 2 potions of mutation {unknown}
 g - a potion of heal wounds {unknown}
 i - a potion of degeneration {unknown}
 l - a potion of might {unknown}
 o - 3 potions of curing
 q - a potion of lignification {unknown}


   Skills:
 + Level 1.4 Fighting
 + Level 1.4 Short Blades
 + Level 1.4 Long Blades
 + Level 1.4 Axes
 + Level 1.4 Maces & Flails
 + Level 1.4 Polearms
 + Level 1.4 Staves
 + Level 1.4 Ranged Weapons
 + Level 1.4 Throwing
 + Level 1.4 Armour
 + Level 4.7 Dodging
 + Level 4.4 Stealth
 + Level 1.4 Shields
 + Level 1.4 Unarmed Combat
 + Level 5.2 Spellcasting
 + Level 2.3 Conjurations
 + Level 1.1 Hexes
 + Level 1.1 Summonings
 + Level 1.1 Necromancy
 + Level 1.1 Translocations
 + Level 1.1 Fire Magic
 + Level 1.1 Ice Magic
 + Level 1.1 Air Magic
 + Level 1.1 Earth Magic
 + Level 5.5 Alchemy
 + Level 1.6 Invocations
 + Level 1.4 Evocations
 + Level 1.3 Shapeshifting


You had 6 spell levels left.
You knew the following spells:

 Your Spells              Type           Power      Damage    Failure   Level
a - Sting                 Conj/Alch      56%        1d6       3%          1
b - Mephitic Cloud        Conj/Alch/Air  12%        N/A       14%         3
c - Olgreb's Toxic Radia  Alch           19%        N/A       17%         4

Your spell library contained the following spells:

 Spells                   Type           Power      Damage    Failure   Level
 Mercury Vapours          Alch/Air       26%        N/A       7%          2
 Slow                     Hex            24%        N/A       11%         1
 Confusing Touch          Hex            6%         N/A       32%         3
 Vampiric Draining        Necr           6%         2d6       32%         3
 Sticky Flame             Fire/Alch      13%        2d5       41%         4


Dungeon Overview and Level Annotations

Branches:
Dungeon (5/15)
 Temple: D:4-7

Altars:
Elyvilon
Okawaru

Annotations:
D:2 Natasha


Innate Abilities, Weirdness & Mutations

You have very sharp teeth.
Your uncanny sense of smell can sniff out nearby items.
Your experience applies equally to all skills.


Message History

The orc attacks as it pursues you! The orc barely misses you.
The orc attacks as it pursues you! The orc closely misses you.
The gnoll looks more healthy.
Aiming: Sting (safe; 3% risk of failure)
Press: ? - help, Q - select action, (/) - cycle Shift-Dir - straight line, f/p - orc
Aim: an orc, wielding a +0 whip and wearing a +0 ring mail (almost dead, poisoned, 75% to hit)
The sting hits the orc but does no damage.
The orc looks even sicker.
The orc is almost dead.
You kill the orc!
Aiming: Sting (safe; 3% risk of failure)
Press: ? - help, Q - select action, (/) - cycle Shift-Dir - straight line, f - gnoll
Aim: a gnoll, wielding a +0 whip (heavily wounded, 75% to hit)
The sting hits the gnoll.
The gnoll is poisoned.
The gnoll is almost dead.
Aiming: Sting (safe; 3% risk of failure)
Press: ? - help, Q - select action, (/) - cycle Shift-Dir - straight line, f/p - gnoll
Aim: a gnoll, wielding a +0 whip (almost dead, poisoned, 75% to hit)
The sting hits the gnoll.
The gnoll looks even sicker.
You kill the gnoll!
Aiming: Sting (safe; 3% risk of failure)
Press: ? - help, Q - select action, (/) - cycle Shift-Dir - straight line, f - gnoll
Aim: a gnoll, wielding a +0 spear (75% to hit)
The sting hits the gnoll.
The gnoll is poisoned.
The gnoll is moderately wounded.
The gnoll hits you from afar with a +0 spear.
* * * LOW HITPOINT WARNING * * *
Okay, then.
Aiming: Sting (safe; 3% risk of failure)
Press: ? - help, Q - select action, (/) - cycle Shift-Dir - straight line, f/p - gnoll
Aim: a gnoll, wielding a +0 spear (moderately wounded, poisoned, 75% to hit)
The sting hits the gnoll.
The gnoll looks even sicker.
The gnoll is severely wounded.
The gnoll barely misses you. The gnoll attacks as it pursues you!
The gnoll hits you from afar with a +0 spear.
* * * LOW HITPOINT WARNING * * *
The gnoll attacks as it pursues you!
The gnoll hits you from afar with a +0 spear!
You die...

##+##.....#...##...#...
#..........#.).'....#... ..#
#..........######...'... ..#
#...............#...#...
..########...............#...#...
.........................'...#...
.........................#...#...
.........................##+##...
...........)..g.@................
....).....#############'#........
###########.............#......
..... .............#...... .....
.............+...... .....
.............#......
##################.##.### ....
...#.....##...#######.#
...#......#........<..#


You could see a gnoll (very poisoned).

Vanquished Creatures
  2 gnolls (D:4)
  3 adders
  A ribbon worm (D:3)
  12 orcs
  7 bats
  5 endoplasms
  2 giant cockroaches
  A goblin (D:1)
  2 hobgoblins
  10 jackals
  3 quokkas
  4 ball pythons
  A frilled lizard (D:2)
  8 kobolds
  A rat (D:1)
62 creatures vanquished.

Notes
Turn   | Place    | Note
-------+----------+-------------------------------------------
     0 | D:1      | KennySheep the Gnoll Alchemist began the quest for the Orb.
     0 | D:1      | Reached XP level 1. HP: 13/13 MP: 6/6
   166 | D:1      | Reached XP level 2. HP: 16/19 MP: 0/7
   627 | D:1      | Found a faded altar of an unknown god.
   642 | D:1      | Prayed at the altar of an unknown god.
   642 | D:1      | Became a worshipper of Elyvilon the Healer
   642 | D:1      | Reached * piety under Elyvilon
  1071 | D:2      | Found an iron altar of Okawaru.
  1113 | D:2      | Noticed Natasha
  1119 | D:2      | Reached skill level 5 in Spellcasting
  1119 | D:2      | Reached XP level 3. HP: 25/25 MP: 4/9
  1729 | D:3      | Reached skill level 1 in Invocations
  1755 | D:3      | Reached skill level 1 in Fighting
  1755 | D:3      | Reached skill level 1 in Short Blades
  1755 | D:3      | Reached skill level 1 in Long Blades
  1755 | D:3      | Reached skill level 1 in Axes
  1755 | D:3      | Reached skill level 1 in Maces & Flails
  1755 | D:3      | Reached skill level 1 in Polearms
  1755 | D:3      | Reached skill level 1 in Staves
  1755 | D:3      | Reached skill level 1 in Ranged Weapons
  1755 | D:3      | Reached skill level 1 in Throwing
  1755 | D:3      | Reached skill level 1 in Armour
  1755 | D:3      | Reached skill level 1 in Shields
  1755 | D:3      | Reached skill level 1 in Unarmed Combat
  1755 | D:3      | Reached skill level 1 in Evocations
  1864 | D:3      | Reached skill level 1 in Shapeshifting
  1864 | D:3      | Reached XP level 4. HP: 25/32 MP: 0/11
  2051 | D:3      | Reached ** piety under Elyvilon
  2416 | D:3      | Reached skill level 1 in Hexes
  2416 | D:3      | Reached skill level 1 in Summonings
  2416 | D:3      | Reached skill level 1 in Necromancy
  2416 | D:3      | Reached skill level 1 in Translocations
  2416 | D:3      | Reached skill level 1 in Fire Magic
  2416 | D:3      | Reached skill level 1 in Ice Magic
  2416 | D:3      | Reached skill level 1 in Air Magic
  2416 | D:3      | Reached skill level 1 in Earth Magic
  2453 | D:3      | Learned a level 3 spell: Mephitic Cloud
  2458 | D:3      | Learned a level 4 spell: Olgreb's Toxic Radiance
  3054 | D:5      | Entered Level 5 of the Dungeon
  3075 | D:5      | Noticed a phantom
  3260 | D:4      | Reached XP level 5. HP: 10/37 MP: 9/12
  3276 | D:4      | Slain by a gnoll

Illustrated notes

Levels and vault maps discovered:
D:1:      arrival_zaba_pyramid, layout_rooms,
          hellmonk_ecumenical_altar_dog_temple
D:2:      wad_lake_hut, layout_basic, basic_altar, uniq_natasha
D:3:      layout_loops_cross
D:4:      layout_gridville, uniq_edmund
D:5:      layout_basic, mainiacjoe_overflow_alcove_4, temple_doors_e,
          uniq_eustachio

Skill      XL: |  1  2  3  4 |
---------------+-------------+-----
Conjurations   | 2 |  2.3
Spellcasting   | 5 |  5.2
Invocations    | 1 |  1.6
Fighting       | 1 |  1.4
Short Blades   | 1 |  1.4
Long Blades    | 1 |  1.4
Axes           | 1 |  1.4
Maces & Flails | 1 |  1.4
Polearms       | 1 |  1.4
Staves         | 1 |  1.4
Ranged Weapons | 1 |  1.4
Throwing       | 1 |  1.4
Armour         | 1 |  1.4
Shields        | 1 |  1.4
Unarmed Combat | 1 |  1.4
Evocations     | 1 |  1.4
Shapeshifting  | 1 |  1.3
Hexes          | 1 |  1.1
Summonings     | 1 |  1.1
Necromancy     | 1 |  1.1
Translocations | 1 |  1.1
Fire Magic     | 1 |  1.1
Ice Magic      | 1 |  1.1
Air Magic      | 1 |  1.1
Earth Magic    | 1 |  1.1
Dodging        | |  4.7
Stealth        | |  4.4
Alchemy        | |  5.5

Action                     |  1- 3 |  4- 6 || total
---------------------------+-------+-------++-------
  Melee: Unarmed           |    48 |    29 ||    77
         Bite              |     8 |     6 ||    14
   Cast: Sting             |    74 |    55 ||   129
    Use: Potion            |     2 |       ||     2
         Scroll            |     3 |     1 ||     4
   Stab: Sleeping          |     1 |     1 ||     2
 Armour: Robe              |    56 |    30 ||    86
  Dodge: Dodged            |    89 |    57 ||   146

Table legend: (Time is in decaauts)
 A = Elapsed time spent in this place.
 B = Non-inter-level travel time spent in this place.
 C = Inter-level travel time spent in this place.
 D = Time resting spent in this place.
 E = Time spent auto-exploring this place.
 F = Levels seen in this place.
 G = Mean time per level.
                   A        B        C        D        E       F      G
               +--------+--------+--------+--------+--------+-----+--------+
         Total |   3315 |   3199 |    116 |    192 |   2448 |   5 |  663.0 |
       Dungeon |   3315 |   3199 |    116 |    192 |   2448 |   5 |  663.0 |
               +--------+--------+--------+--------+--------+-----+--------+

Top non-repeatable levels by time:
     D:3: 1155 daAuts
     D:2: 991 daAuts
     D:1: 754 daAuts
     D:4: 389 daAuts
     D:5: 24 daAuts
